 Dungeon Crawl Stone Soup version 0.31-a0-544-gceb718ecc6 (webtiles) character file.

Game seed: 6374438116161382006

166 LeprechaunX the Changeling (level 5, -1/34 HPs)
             Began as an Octopode Shapeshifter on Aug 15, 2023.
             Succumbed to a scorpion's poison
             ... on level 4 of the Dungeon.
             The game lasted 00:02:22 (1984 turns).

LeprechaunX the Changeling (Octopode Shapeshifter)  Turns: 1984, Time: 00:02:23

Health: -1/34      AC:  1    Str: 16    XL:     5   Next: 47%
Magic:  5/5        EV: 13    Int: 11    God:
Gold:   122        SH:  0    Dex: 12    Spells: 4/4 levels left

rFire   . .          .
                       - Unarmed
rCold   . . .        (no shield)
rNeg    . . .        (helmet currently unavailable)
rPois   .            (no amulet)
rElec   .            (no ring)
rCorr   .            (no ring)
SInv    .            (no ring)
Will    .....        (no ring)
Stlth   ++           (no ring)
HPRegen 0.25/turn    (no ring)
MPRegen 0.09/turn    (no ring)
                     (no ring)

%: no passive effects
@: lethally poisoned (-1 -> -13), beast-form
A: beast (slay +2), almost no armour, amphibious, 8 rings, camouflage 1,
gelatinous body 1, (nimble swimmer 1), tentacles
a: Begin Untransformation


You were on level 4 of the Dungeon.
You were a hulking beast.
You visited 1 branch of the dungeon, and saw 5 of its levels.

You collected 122 gold pieces.

Inventory:

Missiles
 j - 2 curare-tipped darts
Talismans
 b - a beast talisman (active)
 c - a flux talisman
Wands
 n - a wand of paralysis (5)
Scrolls
 f - 3 scrolls of identify {unknown}
 h - a scroll of immolation {unknown}
 l - a scroll of vulnerability {unknown}
 m - a scroll of teleportation {unknown}
Potions
 a - a potion of lignification
 d - a potion of heal wounds {unknown}
 e - a potion of curing {unknown}
 g - a potion of might {unknown}
 i - a potion of ambrosia {unknown}
 k - a potion of cancellation {unknown}


   Skills:
 + Level 2.3 Fighting
 + Level 3.0 Dodging
 + Level 3.7 Unarmed Combat
 * Level 4.0 Shapeshifting


You had 4 spell levels left.
You didn't know any spells.
Your spell library contained the following spells:

 Spells                   Type           Power      Damage    Failure   Level
 Apportation              Tloc           0%         N/A       34%         1
 Alistair's Intoxication  Tmut/Pois      0%         N/A       100%        5
 Iskenderun's Battlesphe  Conj           0%         2d6       100%        5
 Summon Forest            Summ/Tloc      0%         N/A       100%        5
 Eringya's Noxious Bog    Tmut/Pois      0%         4d6       100%        6
 Leda's Unmaking          Conj/Erth      0%         9d1       100%        6
 Spellforged Servitor     Conj/Summ      0%         N/A       100%        7
 Summon Hydra             Summ           0%         N/A       100%        7


Dungeon Overview and Level Annotations

Branches:
Dungeon (5/15)
 Temple: D:4-7

Altars:


Innate Abilities, Weirdness & Mutations

You are a hulking beast.
Your limbs bulge with bestial killing power. (Slay +2)
You cannot wear most types of armour.
You are amphibious.
You can wear up to eight rings at the same time.
Your skin changes colour to match your surroundings (Stealth+).
Your rubbery body absorbs attacks. (AC +1, EV +1)
((You are camouflaged when in or above water. (Stealth+)))
You have tentacles for arms and can constrict up to eight enemies at once.


Message History

You kill the giant cockroach!
You bludgeon the hound! You grab the hound.
The hound is heavily wounded.
You constrict the hound. The hound barely misses you.
You tentacle-slap the hound.
You kill the hound!
Your Dodging skill increases to level 3!
Your Shapeshifting skill increases to level 4!
You completely miss the scorpion. Your grab misses the scorpion.
The scorpion completely misses you. The scorpion stings you.
You tentacle-slap the scorpion. Your grab misses the scorpion.
Your squeeze misses the scorpion.
The scorpion is lightly wounded.
The scorpion stings you!
* * * LOW HITPOINT WARNING * * *
You tentacle-slap the scorpion but do no damage.
You grab the scorpion.
The scorpion is lightly wounded.
You constrict the scorpion, but do no damage.
The scorpion stings you.
* * * LOW HITPOINT WARNING * * *
You barely miss the scorpion.
The scorpion is lightly wounded.
You constrict the scorpion. The scorpion barely misses you.
You barely miss the scorpion.
The scorpion is moderately wounded.
You constrict the scorpion. The scorpion closely misses you.
You tentacle-slap the scorpion but do no damage.
The scorpion is moderately wounded.
You constrict the scorpion. The scorpion misses you.
You tentacle-slap the scorpion.
The scorpion is heavily wounded.
You constrict the scorpion. The scorpion closely misses you.
The scorpion stings you.
* * * LOW HITPOINT WARNING * * *
You are lethally poisoned!
The scorpion poisons you!
You bludgeon the scorpion!
You kill the scorpion!
You die...

### #.. #.###
####################### #.#.###
....)††........†h.....#####...#..
.#....>.....................#.#.#
...#####.........................
).. ##############.#.....#.#.#
### #.#.###...#.# #.#.......#.#
#.#####...#.# #.. .##...# .. ..
..#..


There were no monsters in sight!

Vanquished Creatures
  A phantom (D:5)
  A scorpion (D:4)
  A hound (D:4)
  2 adders (D:2)
  A worm (D:3)
  3 dart slugs (D:2)
  An endoplasm (D:1)
  2 giant cockroaches (D:4)
  6 goblins
  3 hobgoblins
  6 ball pythons
  5 bats
  4 frilled lizards (D:1)
  4 kobolds
  2 rats (D:1)
42 creatures vanquished.

Notes
Turn   | Place    | Note
-------+----------+-------------------------------------------
     0 | D:1      | LeprechaunX the Octopode Shapeshifter began the quest for
                  | the Orb.
     0 | D:1      | Reached XP level 1. HP: 13/13 MP: 1/1
   253 | D:1      | Reached XP level 2. HP: 11/18 MP: 2/2
  1103 | D:2      | Identified the +2 leather armour "Kuudo" {Int+3}
  1122 | D:2      | Reached XP level 3. HP: 19/23 MP: 3/3
  1773 | D:3      | Reached XP level 4. HP: 29/29 MP: 4/4
  1828 | D:3      | You fall into a shaft and drop 2 floors!
  1828 | D:5      | Entered Level 5 of the Dungeon
  1893 | D:5      | Noticed a phantom
  1908 | D:5      | HP: 1/29 [phantom (1)]
  1910 | D:5      | Killed a phantom
  1911 | D:5      | Reached XP level 5. HP: 2/34 MP: 5/5
  1967 | D:4      | Reached skill level 4 in Shapeshifting
  1983 | D:4      | HP: 1/34 [scorpion (2)]
  1984 | D:4      | Succumbed to a scorpion's poison

Illustrated notes

Levels and vault maps discovered:
D:1:      lightli_arrival_isolated_outpost, layout_basic,
          nicolae_kite_square_tiling_tiny
D:2:      layout_basic, minmay_shallow_snake_nest
D:3:      layout_basic, cheibrodos_sewer_entry_sluice,
          nicolae_twisty_statue_hallways
D:4:      layout_basic, st_stairs_12, minmay_misc_feat_alley
D:5:      layout_basic, minitemple, serial_curves, eino_curves_02,
          eino_curves_03, eino_curves_02

Skill      XL: |  1  2  3  4  5 |
---------------+----------------+-----
Fighting       | 2 |  2.3
Dodging        | 3 |  3.0
Shapeshifting  | 4 |  4.0
Unarmed Combat | |  3.7

Action                     |  1- 3 |  4- 6 || total
---------------------------+-------+-------++-------
  Melee: Unarmed           |    63 |    31 ||    94
         Constrict         |    22 |     6 ||    28
         Tentacles         |    16 |     6 ||    22
         Punch             |     2 |       ||     2
   Stab: Sleeping          |     5 |     2 ||     7
 Armour: Skin              |     8 |     2 ||    10
  Dodge: Dodged            |    38 |    13 ||    51

Table legend: (Time is in decaauts)
 A = Elapsed time spent in this place.
 B = Non-inter-level travel time spent in this place.
 C = Inter-level travel time spent in this place.
 D = Time resting spent in this place.
 E = Time spent auto-exploring this place.
 F = Levels seen in this place.
 G = Mean time per level.
                   A        B        C        D        E       F      G
               +--------+--------+--------+--------+--------+-----+--------+
         Total |   1978 |   1798 |    180 |      0 |   1505 |   5 |  395.6 |
       Dungeon |   1978 |   1798 |    180 |      0 |   1505 |   5 |  395.6 |
               +--------+--------+--------+--------+--------+-----+--------+

Top non-repeatable levels by time:
     D:1: 1062 daAuts
     D:2: 672 daAuts
     D:5: 90 daAuts
     D:3: 89 daAuts
     D:4: 64 daAuts
